 Dungeon Crawl Stone Soup version 0.31.0-11-ge490571c62 (webtiles) character file.

Game seed: 8899073643384226685

177 Gadfly the Ruffian (level 5, -5/42 HPs)
             Began as a Draconian Shapeshifter on Jan 26, 2024.
             Killed from afar by a kobold (21 damage)
             ... with a puff of flame
             ... on level 3 of the Dungeon.
             The game lasted 00:04:30 (2273 turns).

Gadfly the Ruffian (Draconian Shapeshifter)         Turns: 2273, Time: 00:04:30

Health: -5/42      AC:  5    Str: 19    XL:     5   Next: 30%
Magic:  5/5        EV: 13    Int: 10    God:
Gold:   130        SH:  0    Dex: 14    Spells: 4/4 levels left

rFire   x . .        b - +8 falchion of Equivalence {vamp, rF- Dex+4}
rCold   . . .        (no shield)
rNeg    . . .        (body armour unavailable)
rPois   .            (helmet currently unavailable)
rElec   .            l - melded +0 cloak
rCorr   .            (gloves currently unavailable)
SInv    .            (boots currently unavailable)
Will    +....        (no amulet)
Stlth   +            i - ring of willpower
HPRegen 0.27/turn    (no ring)
MPRegen 0.09/turn

%: no passive effects
@: beast-form
A: beast (slay +1), AC +5, unfitting armour, cold-blooded
a: Begin Untransformation


You were on level 3 of the Dungeon.
You were a hulking beast.
You visited 1 branch of the dungeon, and saw 3 of its levels.

You collected 130 gold pieces.

Inventory:

Hand Weapons
 b - the +8 falchion of Equivalence (weapon) {vamp, rF- Dex+4}
   (You found it on level 2 of the Dungeon)

   Dex+4:     It affects your dexterity (+4).
   rF-:       It makes you vulnerable to fire.
Armour
 e - an orb of wrath
 l - a +0 cloak (melded)
Jewellery
 i - a ring of willpower (left hand)
Talismans
 c - a flux talisman
 m - a beast talisman (active)
Scrolls
 f - 2 scrolls of identify
 h - a scroll of teleportation
 j - 2 scrolls of fog
Potions
 a - 2 potions of lignification
 d - 4 potions of might
 g - a potion of curing
 k - 2 potions of heal wounds {unknown}


   Skills:
 + Level 2.3 Fighting
 * Level 3.1 Dodging
 + Level 3.6 Unarmed Combat
 * Level 2.3 Evocations
 + Level 3.4 Shapeshifting


You had 4 spell levels left.
You didn't know any spells.
Your spell library contained the following spells:

 Spells                   Type           Power      Damage    Failure   Level
 Static Discharge         Conj/Air       0%         3-3/arc   50%         2
 Airstrike                Air            0%         2d(0-16)  98%         4
 Summon Lightning Spire   Summ/Air       0%         N/A       98%         4


Dungeon Overview and Level Annotations

Branches:
Dungeon (3/15)

Altars:
Kikubaaqudgha
Vehumet

Annotations:
D:3 2 transporters


Innate Abilities, Weirdness & Mutations

You are a hulking beast.
Your limbs bulge with bestial killing power. (Slay +1)
Your plain brown scales are hard. (AC +5)
You cannot fit into any form of body armour.
You are cold-blooded and may be slowed by cold attacks.


Message History

You are too injured to fight recklessly!
You are too injured to fight recklessly!
There are monsters nearby!
There are monsters nearby!
There are monsters nearby!
You are too injured to fight recklessly!
Unknown command.
You feel sick.
You feel sick.
You feel sick.
You are no longer poisoned.
The adder attacks as it pursues you! The adder bites you.
You are poisoned.
The adder poisons you!
You feel sick.
You feel sick.
You slash the adder!
You kill the adder!
You feel sick.
You feel sick.
You are no longer poisoned.
You see here an adder corpse.
The ogre attacks as it pursues you! The ogre hits you with a +0 giant club!
* * * LOW HITPOINT WARNING * * *
The ogre attacks as it pursues you! The ogre closely misses you.
There is a stone staircase leading up here.
You climb upwards.
There is a stone staircase leading down here.
You start resting.
HP restored.
You climb downwards.
Level annotation: 2 transporters The ogre hits you with a +0 giant club!!
Ouch! That really hurt!
The kobold misses you. The kobold hits you but does no damage.
There is a stone staircase leading up, spattered with blood here.
The kobold zaps a wand.
The puff of flame hits you!! The fire burns you terribly!
Ouch! That really hurt!
You die...

.#####################.#..?
.'.........................
.##############<....##.
....# ###########.# ....#
#....#.......# ....#
##.##......#..# ....#
#.)......#..... . .####
#........####....#.. .#
#..K.....hO......... ##
#.......K#####.#._.# #
###...#'### ....... # ###
#.....#...# .SO.#.. # ...#
#.#.#†###.# ....... ##.#.#
# #.#.....###(..# .....#
#.#........K# ##.### #
#.###...### ...#
#.....©....


You could see an ogre and 2 kobolds.

Vanquished Creatures
  Natasha (thrice) (D:2)
  Terence (D:2)
  5 adders
  A ribbon worm (D:3)
  3 bats
  4 endoplasms
  3 giant cockroaches
  6 hobgoblins
  A quokka (D:1)
  3 ball pythons
  2 kobolds (D:1)
32 creatures vanquished.

Notes
Turn   | Place    | Note
-------+----------+-------------------------------------------
     0 | D:1      | Gadfly the Draconian Shapeshifter began the quest for the
                  | Orb.
     0 | D:1      | Reached XP level 1. HP: 16/16 MP: 1/1
     2 | D:1      | Noticed a draconian
     2 | D:1      | Noticed a vampire
     4 | D:1      | Noticed a gargoyle
     4 | D:1      | Noticed a ghoul
     8 | D:1      | Noticed a felid
    10 | D:1      | Noticed a demigod
    10 | D:1      | Noticed a djinni
    12 | D:1      | Noticed a troll
    12 | D:1      | Noticed a naga
    14 | D:1      | Noticed a barachi
    16 | D:1      | Noticed a tengu
    16 | D:1      | Noticed a merfolk
    18 | D:1      | Noticed a minotaur
    18 | D:1      | Noticed an oni
    20 | D:1      | Noticed a human
    20 | D:1      | Noticed an armataur
    22 | D:1      | Noticed an octopode
    22 | D:1      | Noticed a formicid
    24 | D:1      | Noticed an elf
    24 | D:1      | Noticed a spriggan
    26 | D:1      | Noticed a vine stalker
    26 | D:1      | Noticed a demonspawn
   295 | D:1      | Reached XP level 2. HP: 23/23 MP: 2/2
   668 | D:2      | Reached skill level 1 in Evocations
   728 | D:2      | Found an ancient bone altar of Kikubaaqudgha.
   751 | D:2      | Reached XP level 3. HP: 25/29 MP: 3/3
   786 | D:2      | Noticed Terence
   796 | D:2      | Killed Terence
   969 | D:2      | Identified the +8 falchion of Equivalence {vamp, rF- Dex+4}
  1072 | D:2      | Reached XP level 4. HP: 27/36 MP: 4/4
  1180 | D:2      | Noticed Natasha
  1186 | D:2      | Killed Natasha
  1272 | D:2      | Noticed Natasha
  1279 | D:2      | Killed Natasha
  1575 | D:2      | Noticed Natasha
  1585 | D:2      | Killed Natasha
  1586 | D:2      | Reached XP level 5. HP: 27/41 MP: 5/5
  1659 | D:3      | Found a radiant altar of Vehumet.
  1659 | D:3      | Noticed an ogre
  1934 | D:3      | Found a transporter.
  2105 | D:3      | Found a transporter.
  2124 | D:3      | HP: 2/42 [ogre/+0 giant club (11)]
  2273 | D:3      | Killed from afar by a kobold

Illustrated notes

Levels and vault maps discovered:
D:1:      kb_arrival_jail, layout_rooms, grunt_decor_resistance,
          minmay_tetromino_t4
D:2:      layout_basic, basic_altar, uniq_terence, uniq_natasha
D:3:      gammafunk_steamed_eel, layout_basic,
          nicolae_gozag_cash_rules_everything_around_me, vehumet_altar_wand_db

Skill      XL: |  1  2  3  4 |
---------------+-------------+-----
Dodging        | 2 3 |  3.1
Evocations     | 1 2 |  2.3
Fighting       | 2 |  2.3
Unarmed Combat | |  3.6
Shapeshifting  | |  3.4

Action                     |  1- 3 |  4- 6 || total
---------------------------+-------+-------++-------
  Melee: Unarmed           |    71 |    51 ||   122
         Tailslap          |     4 |     7 ||    11
         Punch             |     1 |     1 ||     2
         Falchion          |       |     3 ||     3
Ability: Begin Untransform |       |     1 ||     1
    Use: Scroll            |     2 |     4 ||     6
         Potion            |     1 |       ||     1
   Stab: Sleeping          |     2 |       ||     2
 Armour: Skin              |    37 |    22 ||    59
  Dodge: Dodged            |    39 |    40 ||    79
   Form: Beast             |       |     1 ||     1
